| TOP OF THE 1ST |
|
Niagara Falls Phantoms batting - Pitching for Southern Maryland Blue Crabs : RHP John Poapst
|
|
Pitching: RHP John Poapst
|
|
|
Batting: LHB Pete Cook
|
0-0: Foul Ball, location: 2F 0-1: SINGLE (Line Drive, 8LS, EV 105.6 MPH)
|
|
Batting: RHB Tatsuro Hamasaki
|
0-0: Ball 1-0: Swinging Strike 1-1: Swinging Strike 1-2: Foul Ball, location: 2F 1-2: Strikes out looking
|
|
Batting: RHB Chris Horton
|
0-0: Ball 1-0: Ball 2-0: Swinging Strike 2-1: Swinging Strike 2-2: Foul Ball, location: 2F 2-2: Foul Ball, location: 2F 2-2: Foul Ball, location: 2F 2-2: Strikes out looking
|
|
Batting: RHB Peter Frankel
|
0-0: Ball 1-0: Fly out, F9 (Flyball, 9S, EV 88.1 MPH)
|
| Top of the 1st over - 0 runs, 1 hit, 0 errors, 1 left on base; Niagara Falls 0 - Southern Maryland 0 |
| BOTTOM OF THE 1ST |
|
Southern Maryland Blue Crabs batting - Pitching for Niagara Falls Phantoms : LHP Brendan Thompson
|
|
Pitching: LHP Brendan Thompson
|
|
|
Batting: LHB Stu Proulx
|
0-0: Fly out, F8 (Line Drive, 8RM, EV 108.1 MPH)
|
|
Batting: RHB Dou-wan Pan
|
0-0: Called Strike 0-1: Ball 1-1: Ground out 4-3 (Groundball, 4, EV 90.0 MPH)
|
|
Batting: RHB Oscar Chapa
|
0-0: Fly out, F9 (Line Drive, 9, EV 95.0 MPH)
|
| Bottom of the 1st over - 0 runs, 0 hits, 0 errors, 0 left on base; Niagara Falls 0 - Southern Maryland 0 |
| TOP OF THE 2ND |
|
Niagara Falls Phantoms batting - Pitching for Southern Maryland Blue Crabs : RHP John Poapst
|
|
Batting: RHB Danny Carrick
|
0-0: Ball 1-0: Foul Ball, location: 2F 1-1: Ball 2-1: Foul Ball, location: 2F 2-2: Strikes out swinging
|
|
Batting: SHB Bruce Shelton
|
0-0: Ball 1-0: Ground out 4-3 (Groundball, 4, EV 110.6 MPH)
|
|
Batting: RHB Randy Joyce
|
0-0: Ball 1-0: Ball 2-0: Called Strike 2-1: Ground out 1-3 (Groundball, 15S, EV 70.0 MPH)
|
| Top of the 2nd over - 0 runs, 0 hits, 0 errors, 0 left on base; Niagara Falls 0 - Southern Maryland 0 |
| BOTTOM OF THE 2ND |
|
Southern Maryland Blue Crabs batting - Pitching for Niagara Falls Phantoms : LHP Brendan Thompson
|
|
Batting: RHB Imbart van Rens
|
0-0: Ball 1-0: Called Strike 1-1: Ball 2-1: Ground out 5-3 (Groundball, 56, EV 90.0 MPH)
|
|
Batting: RHB Hsui-chen Yang
|
0-0: Ball 1-0: Ball 2-0: SINGLE (Groundball, 6D, EV 103.1 MPH)
|
|
Batting: LHB Taylor Plummer
|
0-0: Called Strike 0-1: Foul Ball, location: 2F 0-2: Ball 1-2: Foul Ball, location: 2F 1-2: Strikes out swinging
|
|
Batting: RHB Andy Valenzuela
|
0-0: Called Strike 0-1: SINGLE (Flyball, 9LS, EV 94.4 MPH) Hsui-chen Yang to second Runner from 2nd tries for 3rd, SAFE, no throw by RF
|
|
Batting: RHB Josh Kurth
|
0-0: Called Strike 0-1: Foul Ball, location: 2F 0-2: Strikes out swinging
|
| Bottom of the 2nd over - 0 runs, 2 hits, 0 errors, 2 left on base; Niagara Falls 0 - Southern Maryland 0 |
| TOP OF THE 3RD |
|
Niagara Falls Phantoms batting - Pitching for Southern Maryland Blue Crabs : RHP John Poapst
|
|
Batting: SHB Ramon Werman
|
0-0: Called Strike 0-1: Swinging Strike 0-2: Ball 1-2: Strikes out swinging
|
|
Batting: RHB Donald DeLisio
|
0-0: SOLO HOME RUN (Flyball, 78XD, EV 113.1 MPH), Distance : 431 ft
|
|
Batting: LHB Pete Cook
|
0-0: Ball 1-0: Called Strike 1-1: Ball 2-1: Fly out, F8 (Flyball, 89XD, EV 76.9 MPH)
|
|
Batting: RHB Tatsuro Hamasaki
|
0-0: Called Strike 0-1: Foul Ball, location: 2F 0-2: Strikes out swinging
|
| Top of the 3rd over - 1 run, 1 hit, 0 errors, 0 left on base; Niagara Falls 1 - Southern Maryland 0 |
| BOTTOM OF THE 3RD |
|
Southern Maryland Blue Crabs batting - Pitching for Niagara Falls Phantoms : LHP Brendan Thompson
|
|
Batting: RHB Adam Cooper
|
0-0: Called Strike 0-1: Called Strike 0-2: Ball 1-2: Strikes out swinging
|
|
Batting: LHB Stu Proulx
|
0-0: Called Strike 0-1: Swinging Strike 0-2: Foul Ball, location: 2F 0-2: Foul Ball, location: 2F 0-2: Ball 1-2: Ground out 6-3 (Groundball, 6S, EV 70.6 MPH)
|
|
Batting: RHB Dou-wan Pan
|
0-0: Ball 1-0: Fly out, F9 (Flyball, 9LD, EV 91.9 MPH)
|
| Bottom of the 3rd over - 0 runs, 0 hits, 0 errors, 0 left on base; Niagara Falls 1 - Southern Maryland 0 |
| TOP OF THE 4TH |
|
Niagara Falls Phantoms batting - Pitching for Southern Maryland Blue Crabs : RHP John Poapst
|
|
Batting: RHB Chris Horton
|
0-0: Swinging Strike 0-1: Ball 1-1: Ball 2-1: Foul Ball, location: 2F 2-2: Strikes out swinging
|
|
Batting: RHB Peter Frankel
|
0-0: Foul Ball, location: 2F 0-1: Foul Ball, location: 2F 0-2: Strikes out swinging
|
|
Batting: RHB Danny Carrick
|
0-0: Swinging Strike 0-1: Foul Ball, location: 2F 0-2: Strikes out swinging
|
| Top of the 4th over - 0 runs, 0 hits, 0 errors, 0 left on base; Niagara Falls 1 - Southern Maryland 0 |
| BOTTOM OF THE 4TH |
|
Southern Maryland Blue Crabs batting - Pitching for Niagara Falls Phantoms : LHP Brendan Thompson
|
|
Batting: RHB Oscar Chapa
|
0-0: Called Strike 0-1: Ball 1-1: Ball 2-1: Swinging Strike 2-2: Ball 3-2: Foul Ball, location: 2F 3-2: Strikes out swinging
|
|
Batting: RHB Imbart van Rens
|
0-0: Fly out, F9 (Flyball, 89M, EV 94.4 MPH)
|
|
Batting: RHB Hsui-chen Yang
|
0-0: Ball 1-0: Swinging Strike 1-1: Ball 2-1: Ball 3-1: Swinging Strike 3-2: Foul Ball, location: 2F 3-2: Base on Balls
|
|
Batting: LHB Taylor Plummer
|
0-0: Ball 1-0: Ground out 5-3 (Groundball, 56S, EV 90.6 MPH)
|
| Bottom of the 4th over - 0 runs, 0 hits, 0 errors, 1 left on base; Niagara Falls 1 - Southern Maryland 0 |
| TOP OF THE 5TH |
|
Niagara Falls Phantoms batting - Pitching for Southern Maryland Blue Crabs : RHP John Poapst
|
|
Batting: SHB Bruce Shelton
|
0-0: Foul Ball, location: 2F 0-1: Ball 1-1: Ball 2-1: Swinging Strike 2-2: Strikes out swinging
|
|
Batting: RHB Randy Joyce
|
0-0: Swinging Strike 0-1: SINGLE (Line Drive, 7S, EV 90.0 MPH)
|
|
Batting: SHB Ramon Werman
|
0-0: Called Strike 0-1: Called Strike 0-2: Foul Ball, location: 2F 0-2: Strikes out swinging
|
|
Batting: RHB Donald DeLisio
|
0-0: Foul Ball, location: 2F 0-1: Ball 1-1: Foul Ball, location: 2F 1-2: Strikes out swinging
|
| Top of the 5th over - 0 runs, 1 hit, 0 errors, 1 left on base; Niagara Falls 1 - Southern Maryland 0 |
| BOTTOM OF THE 5TH |
|
Southern Maryland Blue Crabs batting - Pitching for Niagara Falls Phantoms : LHP Brendan Thompson
|
|
Batting: RHB Andy Valenzuela
|
0-0: Called Strike 0-1: Foul Ball, location: 2F 0-2: Ball 1-2: Ball 2-2: Strikes out swinging
|
|
Batting: RHB Josh Kurth
|
0-0: SOLO HOME RUN (Flyball, 7D, EV 100.0 MPH), Distance : 391 ft
|
|
Batting: RHB Adam Cooper
|
0-0: Ground out 5-3 (Groundball, 56, EV 91.9 MPH)
|
|
Batting: LHB Stu Proulx
|
0-0: Called Strike 0-1: Swinging Strike 0-2: Ball 1-2: Ball 2-2: Ball 3-2: Strikes out swinging
|
| Bottom of the 5th over - 1 run, 1 hit, 0 errors, 0 left on base; Niagara Falls 1 - Southern Maryland 1 |
| TOP OF THE 6TH |
|
Niagara Falls Phantoms batting - Pitching for Southern Maryland Blue Crabs : RHP John Poapst
|
|
Batting: LHB Pete Cook
|
0-0: Called Strike 0-1: Ground out 4-3 (Groundball, 4S, EV 71.9 MPH)
|
|
Batting: RHB Tatsuro Hamasaki
|
0-0: Called Strike 0-1: Foul Ball, location: 2F 0-2: Fly out, F4 (Popup, 4, EV 50.0 MPH)
|
|
Batting: RHB Chris Horton
|
0-0: Called Strike 0-1: Foul Ball, location: 2F 0-2: Strikes out swinging
|
| Top of the 6th over - 0 runs, 0 hits, 0 errors, 0 left on base; Niagara Falls 1 - Southern Maryland 1 |
| BOTTOM OF THE 6TH |
|
Southern Maryland Blue Crabs batting - Pitching for Niagara Falls Phantoms : LHP Brendan Thompson
|
|
Batting: RHB Dou-wan Pan
|
0-0: Ball 1-0: Ball 2-0: DOUBLE (Line Drive, 7LS, EV 111.2 MPH)
|
|
Batting: RHB Oscar Chapa
|
0-0: 2-RUN HOME RUN (Flyball, 89XD, EV 115.6 MPH), Distance : 440 ft
|
|
Batting: RHB Imbart van Rens
|
0-0: Foul Ball, location: 2F 0-1: Ball 1-1: Ground out 6-3 (Groundball, 56, EV 97.5 MPH)
|
|
Batting: RHB Hsui-chen Yang
|
0-0: Foul Ball, location: 2F 0-1: Ball 1-1: Hit by Pitch
|
|
Batting: LHB Taylor Plummer
|
0-0: Grounds into double play, 4-6-3 (Groundball, 4, EV 82.5 MPH)
|
| Bottom of the 6th over - 2 runs, 2 hits, 0 errors, 0 left on base; Niagara Falls 1 - Southern Maryland 3 |
| TOP OF THE 7TH |
|
Niagara Falls Phantoms batting - Pitching for Southern Maryland Blue Crabs : RHP John Poapst
|
|
Batting: RHB Peter Frankel
|
0-0: Called Strike 0-1: Ball 1-1: Ball 2-1: Swinging Strike 2-2: Strikes out swinging
|
|
Pinch Hitting: RHB Todd Wolters
|
0-0: Ball 1-0: Ball 2-0: Called Strike 2-1: Foul Ball, location: 2F 2-2: Foul Ball, location: 2F 2-2: Fly out, F8 (Flyball, 8LM, EV 90.6 MPH)
|
|
Pinch Hitting: RHB Ben Underwood
|
0-0: Ball 1-0: Foul Ball, location: 2F 1-1: Foul Ball, location: 2F 1-2: Ground out 5-3 (Groundball, 56S, EV 81.9 MPH)
|
| Top of the 7th over - 0 runs, 0 hits, 0 errors, 0 left on base; Niagara Falls 1 - Southern Maryland 3 |
| BOTTOM OF THE 7TH |
|
Southern Maryland Blue Crabs batting - Pitching for Niagara Falls Phantoms : LHP Brendan Thompson
|
|
Now at 2B: Todd Wolters
|
|
|
Now in LF: Luis Ponce
|
|
|
Now in RF: Tatsuro Hamasaki
|
|
|
Batting: RHB Andy Valenzuela
|
0-0: Called Strike 0-1: SINGLE (Groundball, 4D, EV 100.6 MPH)
|
|
Batting: RHB Josh Kurth
|
0-0: SINGLE (Groundball, 5S, EV 71.2 MPH) (infield hit) Andy Valenzuela to second
|
|
Batting: RHB Adam Cooper
|
0-0: Swinging Strike 0-1: Ball 1-1: Foul Ball, location: 2F 1-2: Strikes out swinging
|
|
Batting: LHB Stu Proulx
|
0-0: Fly out, F9 (Flyball, 89M, EV 80.6 MPH)
|
|
Batting: RHB Dou-wan Pan
|
0-0: Ball 1-0: Ball 2-0: SINGLE (Line Drive, 8RS, EV 101.9 MPH) Andy Valenzuela to third Josh Kurth to second Runner from 3rd tries for Home, throw by CF and OUT! 8-2
|
| Bottom of the 7th over - 0 runs, 3 hits, 0 errors, 2 left on base; Niagara Falls 1 - Southern Maryland 3 |
| TOP OF THE 8TH |
|
Niagara Falls Phantoms batting - Pitching for Southern Maryland Blue Crabs : RHP John Poapst
|
|
Pinch Hitting: RHB Alfredo Mendez
|
0-0: Ball 1-0: Ground out 6-3 (Groundball, 56, EV 107.5 MPH)
|
|
Pinch Hitting: RHB Ryan Book
|
0-0: Called Strike 0-1: Ball 1-1: Fly out, F9 (Flyball, 9LM, EV 94.4 MPH)
|
|
Batting: RHB Donald DeLisio
|
0-0: Foul Ball, location: 2F 0-1: Called Strike 0-2: Strikes out swinging
|
| Top of the 8th over - 0 runs, 0 hits, 0 errors, 0 left on base; Niagara Falls 1 - Southern Maryland 3 |
| BOTTOM OF THE 8TH |
|
Southern Maryland Blue Crabs batting - Pitching for Niagara Falls Phantoms : LHP Brendan Thompson
|
|
Now at 1B: Tim Ellenberger
|
|
|
Now at 3B: Ryan Book
|
|
|
Batting: RHB Oscar Chapa
|
0-0: Fly out, F7 (Line Drive, 78M, EV 93.1 MPH)
|
|
Batting: RHB Imbart van Rens
|
0-0: Ground out 5-3 (Groundball, 56S, EV 85.6 MPH)
|
|
Batting: RHB Hsui-chen Yang
|
0-0: Ball 1-0: Called Strike 1-1: Ball 2-1: Foul Ball, location: 2F 2-2: Foul Ball, location: 2F 2-2: Ball 3-2: Fly out, F9 (Line Drive, 9, EV 100.6 MPH)
|
| Bottom of the 8th over - 0 runs, 0 hits, 0 errors, 0 left on base; Niagara Falls 1 - Southern Maryland 3 |
| TOP OF THE 9TH |
|
Niagara Falls Phantoms batting - Pitching for Southern Maryland Blue Crabs : RHP John Poapst
|
|
Pitching: RHP Steve Brulhart
|
|
|
Batting: LHB Pete Cook
|
0-0: Foul Ball, location: 2F 0-1: Foul Ball, location: 2F 0-2: Foul Ball, location: 2F 0-2: Ball 1-2: Strikes out looking
|
|
Pinch Hitting: RHB Hunter Uttley
|
0-0: SINGLE (Line Drive, 7S, EV 94.4 MPH)
|
|
Batting: RHB Chris Horton
|
0-0: Called Strike 0-1: Swinging Strike 0-2: Ball 1-2: Ball 2-2: Fly out, F8 (Flyball, 78S, EV 98.1 MPH)
|
|
Batting: RHB Peter Frankel
|
0-0: Foul Ball, location: 2F 0-1: SINGLE (Line Drive, 89S, EV 105.0 MPH) Hunter Uttley to second
|
|
Batting: RHB Todd Wolters
|
0-0: Swinging Strike 0-1: Ball 1-1: Called Strike 1-2: Strikes out swinging
|
| Top of the 9th over - 0 runs, 2 hits, 0 errors, 2 left on base; Niagara Falls 1 - Southern Maryland 3 |
|